 Dungeon Crawl Stone Soup version 0.26-a0-30-g56b8cd3df0 (webtiles) character file.

Game seed: 9843963106338151707, levelgen mode: deterministic

107 vurker the Gusty (level 4, -5/25 HPs)
             Began as a Tengu Air Elementalist on May 29, 2020.
             Slain by an orc wizard
             ... wielding a +0 dagger
              (6 damage)
             ... on level 3 of the Dungeon.
             The game lasted 00:02:23 (2621 turns).

vurker the Gusty (Tengu Air Elementalist)           Turns: 2621, Time: 00:02:23

Health: -5/25      AC:  2    Str:  8    XL:     4   Next: 85%
Magic:  0/9        EV: 12    Int: 17    God:
Gold:   83         SH:  0    Dex: 14    Spells: 8/9 levels left

rFire    . . .     SeeInvis .   l - +0 dagger
rCold    . . .     Gourm    .   (no shield)
rNeg     . . .     Faith    .   a - +0 robe
rPois    .         Spirit   .   (helmet restricted)
rElec    .         Reflect  .   (no cloak)
rCorr    .         Harm     .   (no gloves)
MR       .....                  (boots unavailable)
Stlth    ++........             (no amulet)
HPRegen  0.08/turn              (no ring)
MPRegen  0.11/turn              (no ring)

@: no status effects
A: beak, talons 3
a: no special abilities


You were on level 3 of the Dungeon.
You were not hungry.

You visited 1 branch of the dungeon, and saw 3 of its levels.

You collected 83 gold pieces.

Inventory:

Hand Weapons
 l - a +0 dagger (weapon)
   (You took it off a goblin on level 2 of the Dungeon)
Armour
 a - a +0 robe (worn)
Wands
 d - a wand of iceblast (9)
   (You found it on level 2 of the Dungeon)
Scrolls
 b - 2 scrolls of remove curse {unknown}
 c - 2 scrolls of identify {unknown}
 h - a scroll of blinking {unknown}
Potions
 g - a potion of magic {unknown}
 i - 2 potions of cancellation {unknown}
 j - 2 potions of degeneration {unknown}
 k - 2 potions of stabbing {unknown}
 m - a potion of heal wounds {unknown}
Comestibles
 e - 5 rations


   Skills:
 + Level 1.6 Fighting
 - Level 2.1 Dodging
 - Level 2.0 Stealth
 * Level 3.0 Spellcasting
 + Level 2.4 Conjurations
 * Level 5.2 Air Magic


You had 8 spell levels left.
You knew the following spells:

 Your Spells              Type           Power        Failure   Level  Hunger
a - Shock                 Conj/Air       ###.         3%          1    None

Your spell library contained the following spells:

 Spells                   Type           Power        Failure   Level  Hunger
 Swiftness                Chrm/Air       ##......     9%          2    ##.....
 Static Discharge         Conj/Air       ###.....     11%         3    ###....
 Airstrike                Air            ###.......   21%         4    ####...
 Lightning Bolt           Conj/Air       ###.......   69%         5    ######.


Dungeon Overview and Level Annotations

Branches:
Dungeon (3/15)

Altars:

Annotations:
D:3 2 runed translucent doors


Innate Abilities, Weirdness & Mutations

You have a beak for a mouth.
You have claws for feet.


Message History

The jackal barks!
Aim: a jackal (heavily wounded)
The zap hits the jackal.
You kill the jackal!
Aim: a jackal The zap hits the jackal.
You kill the jackal!
You can't see any susceptible monsters within range! (Use Z to cast anyway.)
Found a thin runed staff.
Sorry, you're not good enough to have a special ability.
Unknown command.
An orc and an orc wizard come into view.
The orc wizard shouts!
You hear a shout!
The orc shouts!
You hear a shout!
The zap hits the orc.
The zap hits the orc but does no damage.
The orc wizard gestures wildly while chanting.
The orc wizard flickers and vanishes!
Deactivating autopickup; reactivate with Ctrl-A.
An orc comes into view. It is wielding a +0 short sword.
The zap hits the orc.
The orc hits you with a +0 club.
The zap hits the orc.
You kill the orc!
Aim: an orc, wielding a +0 short sword and wearing a +0 ring mail The zap hits the orc.
Okay, then.
The zap hits the orc. x2
You hear some strange, mumbled words.
A puff of flame appears from out of thin air!
The puff of flame hits you!
The zap hits something.
The zap hits the orc.
You kill the orc!
Something hits you.
* * * LOW HITPOINT WARNING * * *
You can't see any susceptible monsters within range! (Use Z to cast anyway.)
The zap hits something.
Something hits you.
* * * LOW HITPOINT WARNING * * *
Something hits you.
* * * LOW HITPOINT WARNING * * *
The zap hits something.
Something hits you.
* * * LOW HITPOINT WARNING * * *
The zap hits something.
Something hits you.
* * * LOW HITPOINT WARNING * * *
You miss something. Your kick misses something. You peck something.
Something hits you but does no damage.
You hit something. Something hits you.
You die...

#####
#.){##
#.)###@##
#####.##
#.# ##.##
........
#..### ##.#
..###.##...
..# #.# ..#
###. #.##.#
..# . #..##
..# ###
#..## #.#
#.##...##.#
..#
#.#####.##


There were no monsters in sight!

Vanquished Creatures
  Natasha (D:3)
  An adder (D:3)
  2 oozes
  A worm (D:3)
  A dart slug (D:1)
  2 leopard geckos
  2 orcs (D:3)
  6 bats
  3 giant cockroaches (D:1)
  5 goblins
  10 hobgoblins
  2 jackals (D:3)
  2 ball pythons (D:1)
  3 frilled lizards
  6 kobolds
  3 rats
50 creatures vanquished.

Notes
Turn   | Place    | Note
-------+----------+-------------------------------------------
     0 | D:1      | vurker the Tengu Air Elementalist began the quest for the
                  | Orb.
     0 | D:1      | Reached XP level 1. HP: 10/10 MP: 4/4
   245 | D:1      | Reached XP level 2. HP: 15/15 MP: 1/6
   920 | D:1      | Reached XP level 3. HP: 20/20 MP: 1/7
  1092 | D:1      | Reached skill level 1 in Fighting
  1970 | D:3      | Reached skill level 5 in Air Magic
  1970 | D:3      | Reached XP level 4. HP: 21/25 MP: 2/9
  2247 | D:3      | Noticed Natasha
  2264 | D:3      | Killed Natasha
  2532 | D:3      | Found a large runed translucent door.
  2533 | D:3      | Found a large runed translucent door.
  2619 | D:3      | HP: 1/25 [something (3)]
  2621 | D:3      | Slain by an orc wizard

Illustrated notes

Levels and vault maps discovered:
D:1:      dpeg_arrival_tiny_a, layout_basic
D:2:      layout_rooms, eino_curves_04, chequers_serial_rivers_room_a,
          chequers_arboretum
D:3:      layout_loops_cross, ebering_ghost_disaster_area, glass_columns_c,
          uniq_natasha

Skill      XL: |  1  2  3  4 |
---------------+-------------+-----
Conjurations   | 2 |  2.4
Fighting       | 1 |  1.6
Air Magic      | 5 |  5.2
Spellcasting   | 3 |  3.0
Dodging        | |  2.1
Stealth        | |  2.0

Action                   |  1- 3 |  4- 6 || total
-------------------------+-------+-------++-------
Melee: Dagger            |     3 |     2 ||     5
       Peck              |     1 |     1 ||     2
       Unarmed           |     1 |       ||     1
 Cast: Shock             |    82 |    31 ||   113
  Eat: Chunk             |     4 |     2 ||     6
Armor: Robe              |     1 |       ||     1
Dodge: Dodged            |     4 |       ||     4

Table legend:
 A = Non-vault XP
 B = Vault XP
 C = Vault XP percentage of total XP
 D = Non-vault monster count
 E = Vault monster count
 F = Vault count percentage of total count
                 A         B        C        D         E       F
            +---------+---------+-------+---------+---------+-------
      Total |     118 |      35 |  22.9 |      49 |       1 |   2.0
            +---------+---------+-------+---------+---------+-------
        D:1 |      46 |       0 |   0.0 |      22 |       0 |   0.0
        D:2 |      32 |       0 |   0.0 |      15 |       0 |   0.0
        D:3 |      40 |      35 |  46.7 |      12 |       1 |   7.7
            +---------+---------+-------+---------+---------+-------
